 Dungeon Crawl Stone Soup version 0.31.0-9-g3a7656b989 (webtiles) character file.

Game seed: 10493035449321261598

30 EnegeticOcto the Ruffian (level 3, 36/36 HPs)
             Began as a Troll Monk on Jan 31, 2024.
             Quit the game on level 1 of the Dungeon.
             The game lasted 00:00:24 (483 turns).

EnegeticOcto the Ruffian (Troll Monk)                Turns: 483, Time: 00:00:24

Health: 36/36      AC:  4    Str: 19    XL:     3   Next: 3%
Magic:  2/2        EV: 10    Int:  6    God:
Gold:   97         SH:  0    Dex: 14    Spells: 2/2 levels left

rFire   . .          .
                       - Unarmed
rCold   . . .        c - orb {light}
rNeg    . . .        a - +0 robe
rPois   .            (helmet restricted)
rElec   .            (no cloak)
rCorr   .            (gloves unavailable)
SInv    .            (boots unavailable)
Will    .....        (no amulet)
Stlth   +            (no ring)
HPRegen 1.06/turn    (no ring)
MPRegen 0.08/turn

%: no passive effects
@: glowing
A: large, unfitting armour, claws 3, regeneration 1, shaggy fur 1, tough skin 1
a: no special abilities


You were on level 1 of the Dungeon.
You visited 1 branch of the dungeon, and saw 1 of its levels.

You collected 97 gold pieces.

Inventory:

Armour
 a - a +0 robe (worn)
 c - an orb of light (worn)
Scrolls
 e - a scroll of revelation {unknown}
 f - 2 scrolls of identify {unknown}
 g - a scroll of silence {unknown}
Potions
 b - a potion of ambrosia
 d - a potion of brilliance {unknown}


   Skills:
 + Level 2.7 Fighting
 + Level 2.7 Dodging
 * Level 3.6 Unarmed Combat


You had 2 spell levels left.
You didn't know any spells.
Your spell library was empty.

Dungeon Overview and Level Annotations

Branches:
Dungeon (1/15) Zot: 5519

Altars:


Innate Abilities, Weirdness & Mutations

You are too large for most types of armour.
You have claws for hands.
Your natural rate of healing is unusually fast.
You are covered in fur. (AC +1)
You have tough skin. (AC +1)


Message History

The kobold shouts!
There is a stone staircase leading down here.
A kobold is nearby!
The kobold hits you but does no damage.
You closely miss the kobold. The kobold hits you but does no damage.
You scratch the kobold but do no damage.
The kobold closely misses you.
You claw the kobold!
You kill the kobold!
No target in view!
No target in view!
No target in view!
You see here a +1 whip of holy wrath.
A ball python comes into view.
Found a stone staircase leading down.
The ball python hisses angrily.
A ball python is nearby!
You barely miss the ball python. The ball python barely misses you.
You barely miss the ball python.
The ball python bites you but does no damage.
You barely miss the ball python. The ball python barely misses you.
You claw the ball python!
You kill the ball python!
No target in view!
A giant cockroach comes into view.
You see here a ball python corpse.
A giant cockroach is nearby!
A giant cockroach is nearby!
The giant cockroach barely misses you.
You scratch the giant cockroach but do no damage.
The giant cockroach bites you but does no damage.
You scratch the giant cockroach but do no damage.
The giant cockroach bites you but does no damage.
You scratch the giant cockroach.
The giant cockroach is almost dead.
The giant cockroach bites you but does no damage.
You scratch the giant cockroach.
You kill the giant cockroach!
You see here a ball python corpse.
You see here a ball python corpse.
You now have 59 gold pieces (gained 15).
A goblin comes into view. It is wielding a +0 dagger.
The goblin shouts!
A goblin is nearby!
A goblin is nearby!
A goblin is nearby!
The goblin hits you with a +0 dagger.
A ball python comes into view.
The ball python hisses angrily.
You claw the goblin!
You kill the goblin!
Things that are here:
a +0 dagger; a goblin corpse You claw the ball python!
You kill the ball python!
You see here a ball python corpse.
You now have 70 gold pieces (gained 11).
A quokka comes into view.
A quokka is nearby!
You barely miss the quokka. The quokka bites you.
You claw the quokka!
You kill the quokka!
You have reached level 3!
Your experience leads to an increase in your attributes!
Increase (s)trength, (i)ntelligence, or (d)exterity?
You feel agile. x2; You feel stronger.
You see here a quokka corpse.
f - a scroll labelled SOMYMI CYACIST A bat comes into view.
Found 15 gold pieces.
A bat is nearby!
You claw the bat!
You kill the bat!
No target in view!
No target in view!
No target in view!
No target in view!
No target in view!
You now have 85 gold pieces (gained 15).
You now have 92 gold pieces (gained 7).
f - 2 scrolls labelled SOMYMI CYACIST (gained 1)
You now have 97 gold pieces (gained 5).
You see here a ball python corpse.
You see here a ball python skeleton.
You see here a +0 leather armour.
Found a faded altar of an unknown god.
g - a scroll labelled BEGEOH CEISH No target in view!
No target in view!
No target in view!
No target in view!
No target in view!
No target in view!
No target in view!
No target in view!
There is a dry fountain here.
There is a faded altar of an unknown god here.
This altar belongs to (a) Trog, (b) Nemelex Xobeh or (c) Ashenzari, but you can't tell which.
Press the corresponding letter to learn more about a god, or press enter to convert or escape to cancel.
Okay, then.
Are you sure you want to abandon this character and quit the game? (Confirm with "yes".)

#.# #..## #. #.#
####...######. #.#
#....#......#. #.#
#............. #.####
#..########.#.
#....###..# #.#.
#..⌠.∩##..########.#.
#............##....#.
###.@.##...÷...###...
######..##.#.# #...
#..##.#.###...
#..##.##...###
#....†........
##.#####.#.### .#
#.#.### #.#..†.
#.#....


There were no monsters in sight!

Vanquished Creatures
  3 bats (D:1)
  A giant cockroach (D:1)
  2 goblins (D:1)
  3 hobgoblins (D:1)
  2 jackals (D:1)
  4 kobolds (D:1)
  2 quokkas (D:1)
  5 ball pythons (D:1)
  A frilled lizard (D:1)
  3 rats (D:1)
26 creatures vanquished.

Notes
Turn   | Place    | Note
-------+----------+-------------------------------------------
     0 | D:1      | EnegeticOcto the Troll Monk began the quest for the Orb.
     0 | D:1      | Reached XP level 1. HP: 22/22 MP: 0/0
    73 | D:1      | Reached XP level 2. HP: 29/29 MP: 1/1
   287 | D:1      | Reached XP level 3. HP: 36/36 MP: 2/2
   469 | D:1      | Found a faded altar of an unknown god.
   483 | D:1      | Quit the game

Illustrated notes

Levels and vault maps discovered:
D:1:      wander_arrival_lonely_grave, layout_loops_ring,
          ebering_ecumenical_altar_abandoned

Action                     || total
---------------------------++-------
  Melee: Unarmed           ||    46
 Armour: Robe              ||    21
  Dodge: Dodged            ||    21

Table legend:
 A = Kills in this place as a percentage of kills in the entire game.
 B = Kills by you in this place as a percentage of kills by you in the entire game.
 C = Kills by friends in this place as a percentage of kills by friends in the entire game.
 D = Other kills in this place as a percentage of other kills in the entire game.
 E = Experience gained in this place as a percentage of experience gained in the entire game.
 F = Experience gained in this place divided by the number of levels of this place that you have seen.
                   A       B       C       D       E      F
               +-------+-------+-------+-------+-------+----------------------
         Total | 100.0 | 100.0 |   N/A |   N/A | 100.0 |  43.0
       Dungeon | 100.0 | 100.0 |   N/A |   N/A | 100.0 |  43.0
               +-------+-------+-------+-------+-------+----------------------

Table legend: (Time is in decaauts)
 A = Elapsed time spent in this place.
 B = Non-inter-level travel time spent in this place.
 C = Inter-level travel time spent in this place.
 D = Time resting spent in this place.
 E = Time spent auto-exploring this place.
 F = Levels seen in this place.
 G = Mean time per level.
                   A        B        C        D        E       F      G
               +--------+--------+--------+--------+--------+-----+--------+
         Total |    480 |    480 |      0 |      0 |    362 |   1 |  480.0 |
       Dungeon |    480 |    480 |      0 |      0 |    362 |   1 |  480.0 |
               +--------+--------+--------+--------+--------+-----+--------+

Top non-repeatable levels by time:
     D:1: 480 daAuts
